 Dungeon Crawl Stone Soup version 0.22-a0-479-gc6e99f3 (webtiles) character file.

27 Mgcat the Cudgeler (level 2, -5/24 HPs)
             Began as a Demonspawn Chaos Knight on June 14, 2018.
             Slain by a worm (7 damage)
             ... on level 2 of the Dungeon.
             The game lasted 00:02:33 (694 turns).

Mgcat the Cudgeler (Demonspawn Chaos Knight)         Turns: 694, Time: 00:02:33

Health: -5/24      AC:  5    Str: 12    XL:     2   Next: 93%
Magic:  2/2        EV:  8    Int: 13    God:    Xom [..*...]
Gold:   42         SH:  6    Dex: 12    Spells: 1/1 levels left

rFire    x . .     SeeInvis .   a - +0 mace (chaos)
rCold    + . .     Gourm    .   f - +0 shield
rNeg     . . .     Faith    .   g - +2 leather armour
rPois    .         Spirit   .   (no helmet)
rElec    .         Reflect  .   (no cloak)
rCorr    .         Harm     .   (no gloves)
MR       .....                  (no boots)
Stlth    +.........             (no amulet)
HPRegen  0.08/turn              b - ring of ice {rC+, rF-}
MPRegen  0.08/turn              (no ring)

@: lethally poisoned (-5 -> -6)
A: rot immunity
a: Renounce Religion


You were on level 2 of the Dungeon.
You worshipped Xom.
You were a toy of Xom.
You were not hungry.

You visited 1 branch of the dungeon, and saw 2 of its levels.

You collected 42 gold pieces.

Inventory:

Hand Weapons
 a - a +0 mace of chaos (weapon)
Armour
 d - a +0 chain mail
   (You found it on level 1 of the Dungeon)
 f - a +0 shield (worn)
   (You found it on level 1 of the Dungeon)
 g - a +2 leather armour (worn)
Jewellery
 b - a ring of ice (left hand) {rC+, rF-}
   (You found it on level 1 of the Dungeon)
Scrolls
 h - a scroll of enchant weapon {unknown}
 m - 3 scrolls of identify {unknown}
Potions
 e - a potion of haste {unknown}
 i - a potion of degeneration {unknown}
 j - a potion of curing {unknown}
 l - 2 potions of magic {unknown}
 n - a potion of berserk rage {unknown}
Comestibles
 c - 2 rations
 k - 6 chunks of flesh {@w0}


   Skills:
 - Level 3.0 Fighting
 + Level 3.8 Maces & Flails
 - Level 1.7 Armour
 - Level 0.8 Dodging


You had one spell level left.
You didn't know any spells.
Your spell library was empty.

Dungeon Overview and Level Annotations

Branches:
Dungeon (2/15)

Altars:
Nemelex Xobeh


Innate Abilities, Weirdness & Mutations

You are immune to rotting.


Message History

You block the jackal's attack.
You closely miss the jackal.
The jackal is almost dead.
The bat hits you but does no damage. The jackal bites you. x2
You block the jackal's attack. The jackal barely misses you.
You are too injured to fight recklessly!
You are too injured to fight recklessly!
You are too injured to fight recklessly!
You are too injured to fight recklessly!
You are too injured to fight recklessly!
Okay, then.
You hit the jackal.
You kill the jackal!
You block the bat's attack. You block the jackal's attack.
You hit the jackal.
You kill the jackal!
You block the bat's attack.
You hit the bat.
You kill the bat!
You now have 32 gold pieces (gained 3).
You butcher the jackal corpse.
k - 3 chunks of flesh {@w0} (gained 2)
You butcher the jackal corpse.
k - 4 chunks of flesh {@w0} (gained 1)
You see here a jackal skeleton. x2
Some of the chunks of flesh in your inventory have rotted away.
You butcher the bat corpse.
k - 4 chunks of flesh {@w0} (gained 1)
You see here a bat skeleton. x2
A giant cockroach comes into view.
A giant cockroach is nearby!
You hit the giant cockroach.
Lightning courses through the giant cockroach!
You kill the giant cockroach!
No target in view!
No target in view!
You butcher the giant cockroach corpse.
k - 6 chunks of flesh {@w0} (gained 2)
You see here a jackal skeleton.
m - 3 scrolls labeled YKKAIK KYSMIS (gained 1)
You now have 42 gold pieces (gained 10).
A frilled lizard comes into view.
The frilled lizard hisses angrily.
You closely miss the frilled lizard.
The frilled lizard bites you but does no damage.
You closely miss the frilled lizard.
The frilled lizard bites you but does no damage.
You hit the frilled lizard.
You kill the frilled lizard!
No target in view!
No target in view!
Found a runed trident.
No target in view!
An adder comes into view.
The adder hisses angrily.
A frilled lizard comes into view.
The frilled lizard hisses angrily.
Found 11 gold pieces.
Found a stone staircase leading down.
You hit the adder.
The adder is poisoned.
The adder is lightly wounded.
The adder bites you.
You are poisoned.
The adder poisons you! You block the adder's attack.
You are too injured to fight recklessly!
You are too injured to fight recklessly!
You are too injured to fight recklessly!
You miss the adder.
The adder is lightly wounded.
You feel sick. The adder closely misses you.
You closely miss the adder.
The adder is lightly wounded.
You feel sick. The adder barely misses you.
A worm comes into view.
The adder bites you but does no damage.
You closely miss the adder.
The adder is lightly wounded.
The adder bites you. You block the frilled lizard's attack.
You closely miss the adder.
The adder is moderately wounded.
You feel sick. You block the adder's attack. x2
The frilled lizard bites you but does no damage.
You hit the adder.
Sparks of electricity dance over the adder's tail.
The adder is almost dead.
You kill the adder!
You block the frilled lizard's attack.
You hit the frilled lizard but do no damage.
The frilled lizard misses you. You block the frilled lizard's attack.
You hit the frilled lizard but do no damage.
The frilled lizard seems to slow down.
You feel sick.
The frilled lizard bites you but does no damage.
You sock the frilled lizard!
You kill the frilled lizard!
The worm bites you!
* * * LOW HITPOINT WARNING * * *
You hit the worm.
The worm is moderately wounded.
* * * LOW HITPOINT WARNING * * *
You feel sick. The worm bites you!
You die...

## #......... .%..#
#)........ .$...>
..........
.......##.........
..................#
#..................#
#............w.....#
#...........@.).....
#...........†......#
#..................#
...................#
.#.....###########
#.....#......#
##....#[.....#
#...........#
#.......#####


You could see a worm.

Vanquished Creatures
  An adder (D:2)
  3 giant cockroaches
  A goblin (D:1)
  A hobgoblin (D:1)
  3 jackals (D:2)
  A kobold (D:1)
  2 bats
  3 frilled lizards
  3 rats (D:1)
18 creatures vanquished.

Notes
Turn   | Place    | Note
-------+----------+-------------------------------------------
     0 | D:1      | Mgcat the Demonspawn Chaos Knight began the quest for the Orb.
     0 | D:1      | Reached XP level 1. HP: 18/18 MP: 1/1
   214 | D:1      | Reached skill level 3 in Maces & Flails
   250 | D:1      | Found a sparkling altar of Nemelex Xobeh.
   379 | D:1      | Gained mutation: You are immune to rotting. [demonic ancestry]
   379 | D:1      | Reached XP level 2. HP: 22/24 MP: 2/2
   693 | D:2      | HP: 3/24 [worm (8)]
   694 | D:2      | Slain by a worm

Vault maps used:
D:1:      dpeg_arrival_more_subterranean_lakeside_camping, minivault_27,
          wad_floor_pattern_untrapped, nemelex_diamond_rough_becter

Skill      XL: |  1 |
---------------+----+-----
Maces & Flails | 3 |  3.8
Fighting       | |  3.0
Armour         | |  1.7
Dodging        | |  0.8

Action                   || total
-------------------------++-------
Melee: Mace              ||    48
Armor: Leather armour    ||    19
       Chain mail        ||     1
Dodge: Dodged            ||    13
Block: Shield            ||    23

Table legend:
 A = Spawn XP
 B = Non-spawn XP
 C = Spawn XP percentage of total XP
 D = Spawn monster count
 E = Non-spawn monster count
 F = Spawn count percentage of total count
 G = Total turns spent on level
                    A         B        C        D         E        F      G
               +---------+---------+-------+---------+---------+-------+---------
         Total |       0 |      39 |   0.0 |       0 |      18 |   0.0 |   694
               +---------+---------+-------+---------+---------+-------+---------
           D:1 |       0 |      15 |   0.0 |       0 |      10 |   0.0 |   609
           D:2 |       0 |      24 |   0.0 |       0 |       8 |   0.0 |    85
               +---------+---------+-------+---------+---------+-------+---------

Vault maps used:
D:1:      dpeg_arrival_more_subterranean_lakeside_camping, minivault_27,
          wad_floor_pattern_untrapped, nemelex_diamond_rough_becter

Table legend:
 A = Turns spent in this place as a percentage of turns spent in the entire game.
 B = Non-inter-level travel turns spent in this place as a percentage of non-inter-level travel turns spent in the entire game.
 C = Inter-level travel turns spent in this place as a percentage of turns spent in this place.
 D = Turns resting spent in this place as a percentage of non-inter-level travel turns spent in this place.
 E = Turns spent auto-exploring this place as a percentage of non-inter-level travel turns spent in this place.
 F = Non-inter-level travel turns spent in this place divided by the number of levels of this place that you've seen.
                   A       B       C       D       E      F
               +-------+-------+-------+-------+-------+----------------------
         Total | 100.0 | 100.0 |   7.1 |   0.0 |  79.1 | 322.5
       Dungeon | 100.0 | 100.0 |   7.1 |   0.0 |  79.1 | 322.5
               +-------+-------+-------+-------+-------+----------------------

Table legend:
 A = Kills in this place as a percentage of kills in entire the game.
 B = Kills by you in this place as a percentage of kills by you in the entire game.
 C = Kills by friends in this place as a percentage of kills by friends in the entire game.
 D = Other kills in this place as a percentage of other kills in the entire game.
 E = Experience gained in this place as a percentage of experience gained in the entire game.
 F = Experience gained in this place divided by the number of levels of this place that you have seen.
                   A       B       C       D       E      F
               +-------+-------+-------+-------+-------+----------------------
         Total | 100.0 | 100.0 |   N/A |   N/A | 100.0 |  19.5
       Dungeon | 100.0 | 100.0 |   N/A |   N/A | 100.0 |  19.5
               +-------+-------+-------+-------+-------+----------------------
